General information
- name: BNet
- type: Ladder team game (AT/RT)
- host: Battle.net
- saver: PAT.SUMMERALL
map: HurricaneIsle
- players: 8
- length: 20:32
- speed: Fast
- version: 1.24 W3XP
- replay type: Public
» download(104 KB)
Players
team 1 (winner)

»
tek-bot (
orange | 70 APM | 1437 actions | 20:32)
6 Demon Hunter
3 Evasion
2 Mana Burn
1 Metamorphosis
5 Keeper of the Grove
3 Entangling Roots
2 Thorns Aura
» actions
| Assign group hotkey | 55 | |
| Basic commands | 43 | |
| Build / train | 68 | |
| ESC pressed | 2 | |
| Enter build submenu | 15 | |
| Enter hero's abilities submenu | 12 | |
| Right click | 497 | |
| Select / deselect | 378 | |
| Select group hotkey | 335 | |
| Use ability | 31 | |
1437 total
» units
| Wisp | 16 | |
| Archer | 12 | |
| Hippogryph | 12 | |
| Goblin Zeppelin | 2 | |
42 total
» upgrades
| Hippogryph Taming | 1 | |
| Strength of the Moon | 3 | |
| Improved Bows | 1 | |
| Moon Armor | 2 | |
| Marksmanship | 1 | |
| Strength of the Wild | 1 | |
| Reinforced Hides | 1 | |
10 total
» buildings
| Moon Well | 7 | |
| Altar of Elders | 1 | |
| Ancient of War | 1 | |
| Tree of Ages | 2 | |
| Hunter's Hall | 1 | |
| Ancient of Wind | 2 | |
| Tree of Eternity | 1 | |
| Tree of Life | 1 | |
| Ancient Protector | 1 | |
17 total
» build order
00:11 Moon Well
00:15 Altar of Elders
00:51 Ancient of War
02:14 Moon Well
02:22 Tree of Ages
02:22 Tree of Ages
02:44 Moon Well
03:30 Hunter's Hall
04:49 Ancient of Wind
04:54 Ancient of Wind
05:01 Moon Well
05:46 Tree of Eternity
06:29 Tree of Life
07:20 Moon Well
10:01 Ancient Protector
10:47 Moon Well
14:17 Moon Well
CHASTISEMENT (
pink | 42 APM | 861 actions | 20:32)
4 Blademaster
2 Wind Walk
2 Critical Strike
4 Shadow Hunter
2 Hex
2 Healing Wave
4 Tauren Chieftain
2 Endurance Aura
2 War Stomp
» actions
| Basic commands | 35 | |
| Build / train | 60 | |
| Enter build submenu | 28 | |
| Enter hero's abilities submenu | 12 | |
| Give item / drop item | 1 | |
| Right click | 283 | |
| Select / deselect | 399 | |
| Use ability | 42 | |
861 total
» units
| Peon | 10 | |
| Goblin Shredder | 1 | |
| Wind Rider | 11 | |
| Shaman | 5 | |
| Goblin Zeppelin | 1 | |
28 total
» upgrades
| Shaman Training | 2 | |
| Envenomed Spears | 1 | |
| Ranged Weapons | 3 | |
| Spiked Barricades | 1 | |
| Armor | 3 | |
10 total
» buildings
| War Mill | 1 | |
| Stronghold | 1 | |
| Orc Burrow | 8 | |
| Altar of Storms | 1 | |
| Beastiary | 2 | |
| Watch Tower | 4 | |
| Fortress | 1 | |
| Spirit Lodge | 1 | |
| Voodoo Lounge | 1 | |
| Great Hall | 1 | |
21 total
» build order
01:00 War Mill
01:20 Stronghold
01:33 Orc Burrow
02:07 Altar of Storms
03:06 Orc Burrow
03:53 Beastiary
03:59 Watch Tower
04:10 Orc Burrow
05:15 Watch Tower
05:37 Orc Burrow
05:44 Fortress
05:56 Spirit Lodge
06:25 Voodoo Lounge
07:50 Watch Tower
09:07 Great Hall
10:50 Orc Burrow
11:38 Beastiary
12:34 Orc Burrow
13:29 Orc Burrow
14:03 Watch Tower
17:18 Orc Burrow
» items
| Healing Salve | 1 | |
| Orb of Lightning | 2 | |
| Scroll of Town Portal | 2 | |
5 total
PopaSmoke (
purple | 28 APM | 565 actions | 20:32)
3 Death Knight
2 Unholy Aura
1 Death Coil
» actions
| Basic commands | 22 | |
| Build / train | 44 | |
| Enter build submenu | 18 | |
| Enter hero's abilities submenu | 3 | |
| Right click | 325 | |
| Select / deselect | 134 | |
| Use ability | 19 | |
565 total
» units
| Acolyte | 8 | |
| Ghoul | 3 | |
| Crypt Fiend | 7 | |
| Gargoyle | 9 | |
| Frost Wyrm | 2 | |
29 total
» upgrades
| Creature Carapace | 2 | |
| Web | 1 | |
| Freezing Breath | 1 | |
4 total
» buildings
| Graveyard | 1 | |
| Ziggurat | 10 | |
| Crypt | 1 | |
| Altar of Darkness | 1 | |
| Halls of the Dead | 1 | |
| Nerubian Tower | 3 | |
| Black Citadel | 1 | |
| Spirit Tower | 2 | |
| Sacrificial Pit | 1 | |
| Boneyard | 2 | |
23 total
» build order
00:10 Graveyard
00:14 Ziggurat
01:04 Crypt
01:21 Altar of Darkness
02:32 Ziggurat
03:51 Ziggurat
04:20 Halls of the Dead
05:11 Nerubian Tower
05:30 Ziggurat
06:16 Ziggurat
07:04 Black Citadel
08:00 Spirit Tower
08:02 Nerubian Tower
08:09 Ziggurat
08:17 Sacrificial Pit
09:21 Nerubian Tower
11:56 Spirit Tower
13:34 Boneyard
13:38 Boneyard
13:47 Ziggurat
15:18 Ziggurat
15:21 Ziggurat
15:31 Ziggurat
team 2 (loser)

»
Patrizio (
green | 49 APM | 768 actions | 15:32)
4 Blademaster
2 Wind Walk
2 Critical Strike
» actions
| Assign group hotkey | 7 | |
| Basic commands | 71 | |
| Build / train | 27 | |
| Enter build submenu | 14 | |
| Enter hero's abilities submenu | 4 | |
| Right click | 345 | |
| Select / deselect | 173 | |
| Select group hotkey | 97 | |
| Use ability | 28 | |
768 total
» units
| Peon | 8 | |
| Goblin Shredder | 1 | |
| Wind Rider | 3 | |
| Goblin Zeppelin | 1 | |
13 total
» upgrades
| Spiked Barricades | 2 | |
| Ranged Weapons | 1 | |
| Reinforced Defenses | 1 | |
4 total
» buildings
| Orc Burrow | 6 | |
| Altar of Storms | 1 | |
| War Mill | 1 | |
| Stronghold | 1 | |
| Voodoo Lounge | 1 | |
| Beastiary | 3 | |
| Fortress | 1 | |
| Great Hall | 1 | |
15 total
» build order
00:10 Orc Burrow
00:13 Altar of Storms
01:07 War Mill
02:28 Stronghold
02:40 Voodoo Lounge
05:06 Orc Burrow
05:09 Orc Burrow
06:18 Beastiary
06:21 Beastiary
06:33 Beastiary
06:39 Fortress
07:26 Orc Burrow
07:29 Orc Burrow
07:37 Orc Burrow
12:04 Great Hall
» items
| Healing Salve | 1 | |
| Orb of Lightning | 1 | |
| Potion of Healing | 1 | |
3 total

»
CreepingDeath79 (
teal | 24 APM | 475 actions | 20:04)
3 Blademaster
2 Wind Walk
1 Critical Strike
» actions
| Assign group hotkey | 15 | |
| Build / train | 35 | |
| Enter build submenu | 20 | |
| Enter hero's abilities submenu | 3 | |
| Remove unit from queue | 1 | |
| Right click | 157 | |
| Select / deselect | 185 | |
| Select group hotkey | 14 | |
| Use ability | 45 | |
475 total
» units
| Peon | 10 | |
| Wind Rider | 7 | |
| Goblin Zeppelin | 2 | |
| Troll Batrider | 7 | |
26 total
» upgrades
» buildings
| Altar of Storms | 1 | |
| Orc Burrow | 5 | |
| War Mill | 1 | |
| Stronghold | 1 | |
| Voodoo Lounge | 1 | |
| Beastiary | 2 | |
| Watch Tower | 9 | |
| Fortress | 1 | |
21 total
» build order
00:21 Altar of Storms
00:38 Orc Burrow
00:53 War Mill
01:32 Orc Burrow
02:35 Orc Burrow
02:56 Stronghold
03:34 Orc Burrow
04:33 Voodoo Lounge
05:38 Beastiary
05:42 Beastiary
06:21 Watch Tower
06:27 Watch Tower
06:33 Watch Tower
07:16 Watch Tower
10:06 Orc Burrow
10:13 Fortress
13:09 Watch Tower
13:13 Watch Tower
13:16 Watch Tower
14:50 Watch Tower
14:55 Watch Tower
wizard24 (
blue | 30 APM | 602 actions | 20:03)
3 Mountain King
2 Storm Bolt
1 Thunder Clap
» actions
| Build / train | 34 | |
| Enter build submenu | 20 | |
| Enter hero's abilities submenu | 3 | |
| Right click | 345 | |
| Select / deselect | 171 | |
| Use ability | 29 | |
602 total
» units
| Peasant | 9 | |
| Rifleman | 6 | |
| Goblin Zeppelin | 1 | |
| Gryphon Rider | 10 | |
26 total
» upgrades
» buildings
| Altar of Kings | 1 | |
| Farm | 10 | |
| Barracks | 1 | |
| Blacksmith | 1 | |
| Keep | 1 | |
| Castle | 1 | |
| Lumber Mill | 1 | |
| Gryphon Aviary | 2 | |
| Town Hall | 1 | |
19 total
» build order
00:06 Altar of Kings
00:14 Farm
01:03 Barracks
02:01 Blacksmith
02:51 Farm
03:03 Farm
04:16 Farm
04:21 Farm
04:59 Keep
06:16 Farm
09:04 Castle
09:35 Farm
09:43 Lumber Mill
11:54 Gryphon Aviary
12:36 Gryphon Aviary
14:25 Town Hall
15:00 Farm
16:51 Farm
18:13 Farm
Chat log
(00:10 / Allies) CreepingDeath79: this map sux
(00:12 / All) PAT.SUMMERALL: HELLO EVERYONE, AND WELCOME TO THIS GAME OF WARCRAFT 3
(00:21 / All) PAT.SUMMERALL: LET ME INTERRUPT FOR A SECOND, TEAL SAYS THIS MAP SUX
(00:33 / All) PAT.SUMMERALL: JUST AS A FAVOR TO ALL OF YOU, YOU CAN 'THUMBS' DOWN MAPS
(00:36 / All) PAT.SUMMERALL: MOVING ON
(00:40 / All) wizard24: this map does suck
(00:47 / All) tek-bot: THIS MAP SUX AEIJEIJWR
(00:48 / All) PAT.SUMMERALL: THIS IS HURRICANE ISLE
(00:53 / All) PAT.SUMMERALL: AND CLAN TOWA WILL BE BROADCASTING LIVE
(00:56 / All) PAT.SUMMERALL: LET ME GO TO MY COLLEAGUE
(00:58 / All) PAT.SUMMERALL: BRIAN?
(01:04 / All) tek-bot: yes bob
(01:07 / All) BRIAN.COLLINS: THANKS PAT. YES INDEED, HURRICANE ISLE IS A FAMOUS MAP.
(01:22 / All) BRIAN.COLLINS: KNOWN FOR ITS SQUALLS AND HURRICANES IT'S CAUSED THE DEATH OF MANY AN UNRULY SAILOR
(01:32 / All) BRIAN.COLLINS: BUT LET'S TAKE A LOOK AT THE TWO TEAMS WE'LL BE WATCHING TODAY, SHALL WE?
(01:36 / All) PAT.SUMMERALL: YES PLEASE!
(01:40 / All) BRIAN.COLLINS: POPASMOKE POSES THE ETERNAL QUESTION- CC OR RUSH.
(01:50 / All) PAT.SUMMERALL: CC, A MYSTERIOUS INITIALISM
(01:56 / All) PAT.SUMMERALL: DOES IT MEAN CREEP AND CONQUER?
(02:00 / All) PAT.SUMMERALL: COMMAND AND CONQUER?
(02:03 / All) BRIAN.COLLINS: PERHAPS CREEP AND COUNTER?
(02:04 / All) tek-bot: lol haxor youze a hcoseor!
(02:04 / All) PAT.SUMMERALL: CINNAMON AND CILANTRO?
(02:05 / All) BRIAN.COLLINS: WE SHALL NEVER KNOW.
(02:18 / All) PAT.SUMMERALL: SO WE'VE GOT AN EAST V. WEST LINEUP HERE
(02:25 / All) PAT.SUMMERALL: LET'S MEET THE EAST TEAM
(02:32 / All) tek-bot: YOU"RE A HACKE RIM TELLIGN
(02:39 / All) PAT.SUMMERALL: AT 6:00, WE HAVE AN ENTERPRISING GREEN ORC NAMED PATRIZIO
(02:47 / All) PAT.SUMMERALL: PATRIZIO, WHAT TOWN WAS SCHUBERT BUILT IN
(02:54 / All) PAT.SUMMERALL: .
(02:55 / All) PAT.SUMMERALL: .
(02:56 / All) PAT.SUMMERALL: .
(03:01 / All) BRIAN.COLLINS: SCHUBERT WAS BORN IN VIENNA.
(03:16 / All) PAT.SUMMERALL: AT 3:00, LAZYBONES WIZARD23 IS A BLUE HUMAN
(03:34 / All) PAT.SUMMERALL: FINALLY, CREEPINGDEATH79 MAY OR MAY NOT BE 30 YEARS OLD, AND IS A TEAL ORC AT 1:30
(03:37 / All) PAT.SUMMERALL: BRIAN?
(03:45 / All) BRIAN.COLLINS: WELL OUR LINEUP HAS SIMILAR BIG NAMES!
(03:53 / All) BRIAN.COLLINS: THE INFAMOUS POPASMOKE PLAYS A PURPLE UNDEAD IN THE 12 O'CLOCK SEAT
(03:59 / Allies) wizard24: why dont u build yellow
(04:04 / All) BRIAN.COLLINS: IT'S NOT JUST ABOUT BEING A GOOD PLAYER WITH GOOD MICRO
(04:08 / All) BRIAN.COLLINS: YOU HAVE TO KNOW HOW TO WORK YOUR OPPONENT!
(04:13 / All) PAT.SUMMERALL: DON'T FORGET BONE DRAGONS
(04:18 / All) BRIAN.COLLINS: THEN IN THE 9 O'CLOCK SPOT WE HAVE TEK-BOT.
(04:24 / All) BRIAN.COLLINS: BOTH A TECHNICAL PLAYER AND PROFICIENT IN THE USE OF A TEK9
(04:29 / All) BRIAN.COLLINS: HE IS A FORMIDABLE PLAYER.
(04:34 / All) PAT.SUMMERALL: TRES FORMIDABLE
(04:36 / All) BRIAN.COLLINS: WE SEE HIM FAST-TEK TO TIER 2 WITH 23 FOOD
(04:39 / All) BRIAN.COLLINS: BIZARRE CHOICE.
(04:48 / All) PopaSmoke: i r noob at war3
(04:49 / All) BRIAN.COLLINS: IN THE LOWER LEFT WE HAVE PINK 'CHASTISEMENT'
(04:59 / All) BRIAN.COLLINS: HE IS PLAYING A VERY JEWISH GAME
(05:06 / All) BRIAN.COLLINS: HE HAS GATHERED OVER 1000 GOLD SO FAR AND SHOWS NO SIGNS OF SPENDING IT
(05:12 / All) PAT.SUMMERALL: I'VE SEEN PINK PLAY BEFORE - HE SUMMONED A BIG ZIG IN HIS ALLY'S BASE AND PROMPTLY LEFT
(05:21 / All) PAT.SUMMERALL: WHAT CAN THIS MEAN FOR TONIGHT? WHO KNOWS
(05:24 / All) BRIAN.COLLINS: QUITE UNSPORTSMANLY, BUT A VALID STRATEGY NONETHELESS.
(05:44 / All) BRIAN.COLLINS: ACTION IS HEATING UP ON WEST AS TEK-BOT CREEPS HIS EXPANSION
(05:46 / All) PAT.SUMMERALL: PERHAPS HE JUST WANTED TO ENSURE HIS FORCES' SURVIVAL
(05:52 / All) PAT.SUMMERALL: AND HIS MOM NEEDED TO CHECK HER EMAIL
(05:56 / All) PAT.SUMMERALL: WE'LL PROBABLY NEVER KNOW
(06:08 / All) PAT.SUMMERALL: KEEP CREEPING SON, IT IS GOOD FOR YOU
(06:19 / All) BRIAN.COLLINS: SOUND ADVICE; MY ONLY CONCERN ABOUT THIS MAP
(06:22 / All) BRIAN.COLLINS: AND I'VE SAID IT TIME AND TIME AGAIN
(06:33 / All) BRIAN.COLLINS: WILL OUR FRIENDS FIGURE OUT HOW TO REACH THEIR OPPONENT'S BASES?
(06:41 / All) BRIAN.COLLINS: A THOROUGH KNOWLEDGE OF WARCRAFT 3 IS REQUIRED TO MAKE THE AERIAL JOURNEY
(06:45 / Allies) wizard24: yellow can i have some gold
(06:49 / All) tek-bot: what aeiral mean?
(06:50 / All) PAT.SUMMERALL: TO OUR AUDIENCE, THIS MAP FEATURES MULTIPLE WAYS TO TRAVERSE THE SKIES
(06:53 / All) BRIAN.COLLINS: I'M JUST NOT SURE OUR FRIENDS HAVE IT WITHIN THEIR COGNITIVE CAPACITY.
(06:57 / All) PAT.SUMMERALL: ONE, TOWN PORTALS
(07:03 / All) PAT.SUMMERALL: TWO, GOBLIN ZEPPELINS
(07:05 / All) BRIAN.COLLINS: HM.... COGNITIVE CAPACITY? PERHAPS ANOTHER MEANING OF THE ELUSIVE 'CC'
(07:12 / All) PAT.SUMMERALL: THREE, SIMPLY FOREGO HEROES AND ONLY MAKE FLYERS
(07:16 / All) PopaSmoke: inc hero rush
(07:24 / All) PAT.SUMMERALL: HA HA, THAT'S A POSSIBILITY
(07:28 / All) BRIAN.COLLINS: 'INC HERO RUSH' SCREAMS POPASMOKE IN TERROR.
(07:36 / All) PAT.SUMMERALL: "WOULD YOU LIKE TO RUSH, OR DO YOU HAVE THE COGNITIVE CAPACITY TO PLAY A LONG GAME?"
(07:39 / All) BRIAN.COLLINS: HOWEVER HIS FEARS SEEM TO BE, AS OF NOW, UNFOUNDED.
(08:06 / All) BRIAN.COLLINS: WELL TEK-BOT HAS CERTAINLY BEEN WORKING HARD.
(08:08 / All) PAT.SUMMERALL: COMPLETELY UNFOUNDED, AS BLUE'S CREEPING HIS EXPO, TEAL IS SITTING IN HIS BASE REVEALING, AND GREEN, WHO KNOWS
(08:13 / All) PAT.SUMMERALL: PROBABLY STARTING A NEW COMPANY IN ASIA
(08:15 / All) BRIAN.COLLINS: HE'S REACHED LEVEL 4 WITH HIS DEMON HUNTER.
(08:23 / All) PAT.SUMMERALL: CAN YOU BREAK DOWN HIS SKILLS FOR US?
(08:24 / All) BRIAN.COLLINS: UNFORTUNATELY THE OTHER TWO PLAYERS HAVE NOT CREPT A SINGLE CAMP YET.
(08:34 / All) BRIAN.COLLINS: I BELIEVE IT'S 2 POINTS IN EVASION AND 2 POINTS IN MANA BURN.
(08:38 / All) PAT.SUMMERALL: PERFECT
(08:41 / All) PAT.SUMMERALL: GREEN HERE
(08:41 / All) BRIAN.COLLINS: IF HE'D DONE ANYTHING ELSE HE WOULD HAVE A LARGE EGG ON HIS FACE.
(08:44 / All) PAT.SUMMERALL: IS NEARLY TIER 3
(08:47 / All) PAT.SUMMERALL: WITH FOUR WYVERNS
(08:53 / All) PAT.SUMMERALL: AND HAS CREPT NARY A GNOLL
(08:59 / All) BRIAN.COLLINS: OH MY GOODNESS! A CREEPJACK IS TAKING PLACE!
(09:04 / All) PAT.SUMMERALL: TEAL, HOWEVER
(09:05 / All) PAT.SUMMERALL: WOW
(09:06 / All) PAT.SUMMERALL: WOW
(09:07 / All) PAT.SUMMERALL: WOW!
(09:09 / All) BRIAN.COLLINS: CREEPINGDEATH79, AGE 30, IS NOW ATTACKING THE DEATH KNIGHT!
(09:13 / All) PAT.SUMMERALL: LOOK AT THAT CHOPPING ACTION
(09:19 / All) BRIAN.COLLINS: USE YOUR POTION BRIAN!!
(09:19 / All) PAT.SUMMERALL: TERRIBLE, TERRIBLE DAMAGE
(09:22 / All) BRIAN.COLLINS: CLICK THAT POTION BRIAN!
(09:26 / All) PAT.SUMMERALL: TEAL OPTS TO FLEE
(09:28 / All) BRIAN.COLLINS: IT WILL SAVE YOU FROM YOUR UNTIMELY DEMISE
(09:44 / All) BRIAN.COLLINS: TEAL'S ZEPPELIN MANOEUVRES UNSCATHED AROUND THE MAP
(09:46 / All) PAT.SUMMERALL: HE ACTUALLY STOPS OFF TO STEAL THE CLOAK OF SHADOWS
(09:49 / All) BRIAN.COLLINS: AND NOW TEAL'S BLADEMASTER HAS STOLEN AN ITEM!
(09:52 / All) PAT.SUMMERALL: AN IMPORTANT AND GAME-CHANGING JACK
(10:03 / All) PAT.SUMMERALL: GREEN IS OFF TO CREEP SOME TURTLES
(10:09 / All) BRIAN.COLLINS: THE SHEER CHEEK OF THIS MOVE HAS LEFT POPASMOKE IN A WORRISOME RAGE.
(10:16 / All) PAT.SUMMERALL: HE IS ACTUALLY MICROMANAGING HIS WYVERNS
(10:30 / All) PAT.SUMMERALL: THIS IS A NEVER-BEFORE-SEEN PHENOMENON ON HURRICAN ISLE
(10:38 / All) PAT.SUMMERALL: GREEN HAS, HOWEVER, FORGOTTEN A PENDANT OF ENERGY
(10:47 / All) PAT.SUMMERALL: YOU MAY SAY THAT'S NOT A BLADEMASTER ITEM, BUT IT'S A 150 GOLD ITEM
(11:02 / All) PAT.SUMMERALL: FOR THAT COMMENT GREEN HAS CHOSEN TO TP TO THE ANNOUNCER'S BOOTH AND DESTROY IT
(11:03 / All) BRIAN.COLLINS: WITH EVERY PLAYER ON WEST TAKING AN EXPANSION, THIS GAME IS HEATING UP TO BE QUITE A LONG ONE!
(11:15 / All) PAT.SUMMERALL: NOT A SINGLE EXPANSION SO FAR ON TEAM EAST
(11:23 / All) BRIAN.COLLINS: CAST YOUR EYES NORTH HOWEVER!
(11:26 / All) PAT.SUMMERALL: GREEN IS EVEN DESTROYING ALL WISPS
(11:29 / All) BRIAN.COLLINS: WYVERNS ARE FIGHTING SPIDERS!
(11:31 / All) PAT.SUMMERALL: HOLY COW BRIAN
(11:40 / All) PAT.SUMMERALL: THOSE ORCBIRDS GOT BIRD FLU
(11:42 / All) BRIAN.COLLINS: THIS IS TRULY INSANE
(11:45 / All) PAT.SUMMERALL: ....FLU RIGHT INTO THOSE WEBS
(11:54 / All) BRIAN.COLLINS: IF ONLY THE DEATH KNIGHT WAS AROUND TO DEATH COIL THOSE FIENDS
(11:59 / All) BRIAN.COLLINS: THIS FIGHT COULD HAVE GONE A LOT DIFFERENTLY
(12:17 / All) PAT.SUMMERALL: WILL HE SAVE HIS EXPO? TIME WILL ONLY TELL
(12:22 / All) PAT.SUMMERALL: AND THERE'S NOT MUCH LEFT
(12:24 / All) BRIAN.COLLINS: UNFORTUNATELY POPASMOKE IS FORCED TO LOSE HIS EXPANSION DUE TO HIS INCOMPETENCE AND THAT'S A LARGE BLOW CONSIDERING THE
(12:28 / All) BRIAN.COLLINS: SIGNIFICANT INVESTMENT.
(12:30 / All) PopaSmoke: *only time will tell, u fail
(12:52 / All) BRIAN.COLLINS: POPASMOKE TAKES TIME OUT OF HIS BUSY SCHEDULE OF LOSING EXPOS TO ADDRESS THE COMMENTATORS DIRECTLY.
(12:55 / All) PAT.SUMMERALL: PURPLE CRACKS A SELF-EFFACING JOKE ABOUT FAILURE
(13:00 / All) BRIAN.COLLINS: PERHAPS THIS MOVE WAS UNWISE.
(13:01 / All) PAT.SUMMERALL: HOW IRONIC!
(13:19 / All) PAT.SUMMERALL: MEANWHILE, GREEN HAS BUILT A TOWN HALL IN THE ANNOUNCER'S BOOTH
(13:23 / All) BRIAN.COLLINS: OF PAT, IF ONLY YOU COULD SEE WHAT I AM SEEING
(13:32 / All) BRIAN.COLLINS: POPASMOKE HAS 5 IDLE ACOLYTES SITTING IN HIS BASE
(13:35 / All) BRIAN.COLLINS: AND 3 NERUBIAN TOWERS
(13:37 / All) PAT.SUMMERALL: AND BLUE IS DOING HIS BEST TO PICK THE WORST SKILLS FOR HIS MOUNTAIN KING
(13:48 / All) PAT.SUMMERALL: IT'S NOT EASY LOSING RIFLES TO CREEPS, BUT HE'S MANAGED TO DO IT
(13:58 / All) PAT.SUMMERALL: OH MY LORD BRIAN, LOOK AT THIS SLAUGHTER
(13:58 / All) BRIAN.COLLINS: POPASMOKE HAS NOW SUDDENLY PUT UP 2 BONEYARDS, HOWEVER, PLANNING TO GO DIRECTLY TO 100 FOOD FROST WYRMS WITH NO EXPO
(14:03 / All) BRIAN.COLLINS: I'M NOT SURE THIS IS WISE!
(14:06 / All) PAT.SUMMERALL: THIS IS BALKANIZATION-LEVEL GENOCIDE
(14:16 / All) BRIAN.COLLINS: MY WORD! GREEN HAS NO DEFENSES TO THESE FLYING HORRORS OF THE SKY
(14:23 / All) PopaSmoke: purple watches retards ninja his expo
(14:33 / All) PAT.SUMMERALL: HIPPOGRYPHS ARE TRULY THE SCARIEST UNIT
(14:33 / All) PopaSmoke: inc purple
(14:37 / All) BRIAN.COLLINS: TEK-BOT IS FIGURATIVELY MACHINE-GUNNING THE ENTIRE GREEN BASE
(14:50 / All) PAT.SUMMERALL: TEAL HAS NEGLECTED TO LOOK AT THE LITTLE TRIANGLE
(14:51 / All) BRIAN.COLLINS: AND WITH NO ALLY TO SAVE HIM.. PATRIZIO'S STINT IN THIS GAME IS ALL BUT OVER.
(14:53 / All) PAT.SUMMERALL: TO THE RIGHT OF MINIMAP
(14:58 / All) PAT.SUMMERALL: IT MAKES YOU GO FASTER
(15:04 / All) BRIAN.COLLINS: SUDDENLY GARGOYLES EMERGE
(15:08 / All) BRIAN.COLLINS: THEY HAVE ONLY ONE TIME TO STRIKE!
(15:16 / All) PAT.SUMMERALL: THEY DO THEIR BEST, BUT NOT MUCH CAN BE DONE AGAINST THIS MANY ORCBIRDS
(15:21 / All) BRIAN.COLLINS: UNFORTUNATELY CREEPINGDEATH HAD FAR MORE UNITS THAN POPASMOKE HAD HOPED
(15:28 / All) BRIAN.COLLINS: INDEED, USING AIR AGAINST BATS WAS A FOOLISH PLOY
(15:34 / All) BRIAN.COLLINS: HOWEVER REINFORCEMENTS HAVE ARRIVED!
(15:35 / All) PAT.SUMMERALL: THE MAJOR PROBLEM HERE IS THE LACK OF BONE DRAGONS
(15:41 / All) PAT.SUMMERALL: AND THERE GOES PARTARIO, COULDN'T HANDLE THE PRESSURE
(15:52 / All) BRIAN.COLLINS: TEK-BOT HAS COME TO SAVE THE DAY AND CREEPINGDEATH, AGED 30, MUST RETREAT TO HIS TOWER LINE
(15:57 / All) BRIAN.COLLINS: THIS GAME IS AS TENSE AS THEY COME!
(16:25 / All) PAT.SUMMERALL: BLUE HAS BEGUN CONSTRUCTING HUMANBIRDS
(16:32 / All) BRIAN.COLLINS: HERE WE SEE ACTUAL TEAMWORK FROM TEKBOT AND POPASMOKE
(16:35 / All) PAT.SUMMERALL: AND THIS IS THE END OF TEAL'S ARMY
(16:42 / All) BRIAN.COLLINS: AND THIS MIGHT SPELL THE END FOR CREEPINGDEATH, AGED 30.
(16:47 / All) PAT.SUMMERALL: THEY TRULY PUT THE 'TEAM' IN 'RANDOM TEAM'
(16:56 / All) BRIAN.COLLINS: FINALLY POPASMOKE'S EXPANSION IS RECLAIMED!
(17:11 / All) PAT.SUMMERALL: AND THAT BAT FLEW TO HIS UNTIMELY DEMISE
(17:15 / All) BRIAN.COLLINS: HOWEVER, THERE IS A BLADEMASTER LURKING SOMEWHERE IN THE DARK...
(17:18 / All) PAT.SUMMERALL: HERE'S GREEN'S GHOST, SUICIDING UNITS
(17:23 / All) PAT.SUMMERALL: HE MAKES A GAMBIT
(17:28 / All) BRIAN.COLLINS: A HAIR STANDS UP ON THE BACK OF BRIAN MORTE'S NECK.. "WHERE COULD HE BE?"
(17:29 / All) PAT.SUMMERALL: BUYS A ZEPPELIN RIGHT FROM UNDER PURPLE'S NOZE
(17:37 / All) PAT.SUMMERALL: AND HE'S OUT OF THERE!
(17:47 / All) PAT.SUMMERALL: HE BEATS A SWIFT RETREAT TO BLUE'S BASE
(18:15 / All) BRIAN.COLLINS: TEK-BOT HAS NOW PURCHASED ANOTHER ZEPPELIN
(18:16 / All) PAT.SUMMERALL: TEAL SWITCHES TO 100% BATS
(18:24 / All) BRIAN.COLLINS: THIS TIME HE'S GUNNING FOR ONE PESKY BUG IN PARTICULAR...
(18:24 / All) PAT.SUMMERALL: THIS COULD SPELL THE DOOM OF ANY ZEPPELIN PASSENGERS
(18:25 / All) PopaSmoke: false
(18:45 / All) BRIAN.COLLINS: HOWEVER TEK-BOT HAS CHOSEN AN UNEXPECTED PATH
(18:49 / All) PAT.SUMMERALL: TEAL PREPARES TO BUY ANOTHER ZEPPELIN IT LOOKS LIKE
(18:59 / All) BRIAN.COLLINS: THE BATS ARE USELESS FROM THIS RANGE AND TEK-BOT IS IN POSITION TO TAKE DOWN BLUE'S EXPANSION
(18:59 / All) PAT.SUMMERALL: OH NO, HERE'S TEK-BOT
(19:11 / All) PAT.SUMMERALL: I NOTICE TEK-BOT HAS NO TP
(19:14 / All) PAT.SUMMERALL: HERE COME THE BATS
(19:16 / All) PAT.SUMMERALL: ONE BY ONE
(19:17 / All) BRIAN.COLLINS: WIZARD24 SHOWS US JUST WHY WIZARDS 1 THROUGH 23 WERE INEFFECTIVE
(19:23 / All) PAT.SUMMERALL: NOW THAT'S A SPICY MEATBALL!!!
(19:29 / All) BRIAN.COLLINS: ONLY ONE BAT DETONATES!!
(19:32 / All) PAT.SUMMERALL: TWO BATS OUT OF THREE FAIL TO HIT THEIR TARGET
(19:37 / All) BRIAN.COLLINS: THE OTHER BAT HAD A DAMP SQUIB!
(19:39 / All) PAT.SUMMERALL: AND A CLOUD OF GRYPHONES
(19:45 / All) PAT.SUMMERALL: DON'T DO MUCH
(19:49 / All) PopaSmoke: oh snap...pwnd
(19:51 / All) BRIAN.COLLINS: SHADOWFURY METAMORPHASISES!!
(20:01 / All) PAT.SUMMERALL: ANOTHER BAT RUINED!
(20:04 / All) PAT.SUMMERALL: WHAT A DAY!
(20:09 / All) BRIAN.COLLINS: AND ANOTHER BAT IS SHOT OUT OF THE SKY, SAVING SEVERAL HIPPOGRYPH LIVES!
(20:10 / All) PAT.SUMMERALL: AND THAT'S GAME!
(20:15 / All) PAT.SUMMERALL: LET ME JUST SAY, FOLKS
(20:20 / All) PAT.SUMMERALL: ON BEHALF OF HIGHPER.CH AND CLAN TOWA
(20:26 / All) PAT.SUMMERALL: GOODNIGHT, GOODBYE, AND....
(20:28 / All) PAT.SUMMERALL: GOOD GAME!